Map: Ulrena

Players

Cushion - Winner!

  • Race: Zerg Zerg
  • League: Master

Miszu

  • Race: Terran Terran
  • League: Master

VOD

Have the link to the VOD?

Description

Time

  • Played on: April 25, 2016, 5:23 p.m.
  • Length: 4:48
Show
View Real Time Build Order
Export as new Build Order

Cushion Zerg - Winner!

Build Orders: Hatch First 

Get SALT Encoding   

  12  0:01  Drone  
  13  0:09  Drone  
  14  0:19  Extractor, Drone  
  15  0:23  Overlord  
  15  0:44  Drone x2  
  17  0:55  Hatchery  
  16  1:08  Spawning Pool  
  16  1:11  Drone  
  16  1:17  Drone x2  
  18  1:22  Extractor  
  18  1:24  Drone  
  18  1:39  Overlord  
  18  1:50  Drone  
  19  1:56  Roach Warren  
  19  1:58  Queen  
  20  2:07  Queen  
  22  2:15  Drone  
  23  2:16  Drone  
  24  2:34  Zergling x2  
  24  2:35  Roach  
  24  2:36  Roach  
  27  2:46  Roach x3  
  33  2:58  Overlord  
  33  2:59  Drone  
  33  3:00  Drone  
  35  3:10  Drone  
  36  3:17  Drone x2  
  36  3:18  Drone x2  
  40  3:20  Drone  
  40  3:35  Ravager  
  40  3:36  Drone x2  
  43  3:44  Overlord  
  43  3:49  Drone  
  44  3:57  Overlord  
  44  3:59  Overlord  
  44  4:01  Drone x3  
  40  4:05  Drone x4  
  41  4:17  Drone x2  
  42  4:28  Hatchery  
  42  4:31  Extractor  
Show
View Real Time Build Order
Export as new Build Order

Miszu Terran 

Build Orders: Reaper Expand 

Get SALT Encoding   

  12  0:00  SCV  
  13  0:12  SCV  
  14  0:24  SCV  
  15  0:30  Supply Depot  
  15  0:51  SCV  
  15  0:53  Barracks  
  15  0:54  Refinery  
  16  1:03  SCV  
  17  1:15  SCV  
  18  1:28  SCV  
  19  1:40  Reaper, Orbital Command  
  19  1:45  Command Center  
  20  1:52  Supply Depot  
  20  1:58  Refinery  
  20  2:05  SCV  
  21  2:13  Barracks Reactor  
  21  2:17  SCV  
  22  2:26  Factory  
  22  2:29  SCV  
  23  2:41  SCV  
  24  2:51  Marine x2  
  25  2:54  SCV  
  25  2:56  Orbital Command  
  27  2:59  Bunker  
  27  3:06  SCV  
  27  3:08  Marine  
  27  3:09  Marine  
  27  3:10  Starport  
  30  3:17  Factory Tech Lab  
  30  3:18  SCV  
  31  3:26  Marine  
  32  3:32  Marine  
  29  3:37  Siege Tank  
  32  3:44  Marine  
  25  3:50  Marine  
  18  4:02  Marine  
  11  4:12  SCV  
  11  4:17  SCV  
  13  4:24  SCV  
  14  4:29  SCV  
Tags
 
Add a new tag
Caveats
  • Supply blocks, unpowered buildings, or Contaminate may cause inaccurate times.
  • Supply counts are checked every 10 seconds.